 Dungeon Crawl Stone Soup version 0.31.0-11-ge490571c62 (webtiles) character file.

Game seed: 14666086639851884702

147 PaiMei the Digger (level 5, 0/29 HPs)
             Began as a Gargoyle Earth Elementalist on Jan 29, 2024.
             Slain by Grinder (9 damage)
             ... while paralysed by Grinder
             ... on level 3 of the Dungeon.
             The game lasted 00:05:43 (2903 turns).

PaiMei the Digger (Gargoyle Earth Elementalist)     Turns: 2903, Time: 00:05:43

Health: 0/29       AC:  8    Str: 12    XL:     5   Next: 29%
Magic:  9/9        EV:  2    Int: 17    God:
Gold:   128        SH:  0    Dex: 10    Spells: 8/9 levels left

rFire   . . .        u - +0 hand axe (flame)
rCold   . . .        (no shield)
rNeg    + + .        a - +0 robe
rPois   ∞            (no helmet)
rElec   +            (no cloak)
rCorr   .            s - +0 pair of gloves
SInv    .            h - +0 pair of boots
Will    .....        (no amulet)
Stlth   ++           m - ring of positive energy
HPRegen 0.24/turn    (no ring)
MPRegen 0.11/turn

%: no passive effects
@: paralysed
A: sickness immunity, AC +4, negative energy resistance 1, electricity
resistance, torment resistance 1, petrification resistance
a: no special abilities


You were on level 3 of the Dungeon.
You visited 1 branch of the dungeon, and saw 3 of its levels.

You collected 128 gold pieces.

Inventory:

Hand Weapons
 c - a +0 dagger
 k - a +0 short sword
 u - a +0 hand axe of flaming (weapon)
Missiles
 n - 4 stones
Armour
 a - a +0 robe (worn)
 h - a +0 pair of boots (worn)
 l - a +0 tower shield
 s - a +0 pair of gloves (worn)
Jewellery
 m - a ring of positive energy (left hand)
Scrolls
 g - 6 scrolls of identify {unknown}
 j - 3 scrolls of poison {unknown}
 o - a scroll of blinking {unknown}
 p - a scroll of enchant armour {unknown}
 r - a scroll of fog {unknown}
 w - 3 scrolls of enchant weapon {unknown}
Potions
 b - a potion of magic
 d - a potion of haste {unknown}
 e - a potion of curing {unknown}
 f - a potion of cancellation {unknown}
 i - a potion of enlightenment {unknown}
 q - a potion of berserk rage {unknown}
 t - a potion of mutation {unknown}
 v - a potion of lignification {unknown}


   Skills:
 + Level 1.6 Fighting
 + Level 2.4 Dodging
 - Level 2.8 Stealth
 + Level 2.8 Spellcasting
 - Level 1.9 Conjurations
 + Level 4.5 Earth Magic


You had 8 spell levels left.
You knew the following spells:

 Your Spells              Type           Power      Damage    Failure   Level
a - Sandblast             Erth           34%        2d9       2%          1

Your spell library contained the following spells:

 Spells                   Type           Power      Damage    Failure   Level
 Passwall                 Erth           17%        N/A       9%          3
 Stone Arrow              Conj/Erth      26%        3d8       14%         3
 Apportation              Tloc           4%         N/A       19%         1
 Momentum Strike          Conj/Tloc      10%        3d8       19%         2
 Blink                    Tloc           4%         N/A       26%         2
 Jinxbite                 Hex            4%         N/A       26%         2
 Lesser Beckoning         Tloc           4%         N/A       26%         2
 Brom's Barrelling Bould  Conj/Erth      13%        2d4       43%         4
 Petrify                  Alch/Erth      10%        N/A       56%         4
 Alistair's Intoxication  Alch           1%         N/A       99%         5


Dungeon Overview and Level Annotations

Branches:
Dungeon (3/15)

Altars:
Zin

Annotations:
D:3 Grinder


Innate Abilities, Weirdness & Mutations

You are immune to sickness and miasma.
Your stone body is resilient. (AC +4)
You are immune to poison.
You resist negative energy. (rN+)
You are resistant to electric shocks. (rElec)
You are resistant to unholy torment.
You are immune to petrification.


Message History

Casting: Sandblast (safe; 2% risk of failure)
Confirm with . or Enter, or press ? or * to list all spells.
Aiming: Sandblast (safe; 2% risk of failure)
Press: ? - help, Shift-Dir - straight line, f - rat
Aim: a rat (82% to hit)
The blast of sand hits the rat!
You kill the rat!
You see here a rat corpse.
Casting: Sandblast (safe; 2% risk of failure)
Confirm with . or Enter, or press ? or * to list all spells.
You can't see any susceptible monsters within range! (Use Z to cast anyway.)
You see here a rat corpse.
Things that are here:
an adder corpse; a river rat corpse
v - an emerald potion
w - 3 scrolls labelled HEG OR XEA You now have 128 gold pieces (gained 8).
You see here 13 gold pieces.
A giant cockroach is nearby!
Grinder shouts!
A bat comes into view.
The bat misses you.
You hit the bat. You burn the bat.
The bat is heavily wounded.
The bat closely misses you. x2; The giant cockroach closely misses you.
You closely miss the bat.
The bat is moderately wounded.
You hit the giant cockroach. You burn the giant cockroach.
You kill the giant cockroach!
The bat misses you. The bat hits you but does no damage.
Grinder gestures at you.
You suddenly lose the ability to move!
Grinder gestures at you. Pain shoots through your body!
The bat barely misses you. Grinder hits you!
You writhe in agony.
The bat barely misses you. The bat hits you but does no damage.
Grinder hits you!
You writhe in agony.
The bat hits you but does no damage. Grinder hits you!
You die...
Grinder says, "Hey, I wasn't done torturing you yet!"

#.##.##^# ### ##.#........
#.......# #.. .......####
#.##.##.# #.# #...##.# #
#.##.##.# #.# #....#.###
#.......# #.# #..#.#....
#.##.##.# #.##### #......###
#.##.##.####.$...# #..#.#.# #
#####.#..##......5...# #..#.#.###
...........#####@b...###.........
#.#####.##.# #.................
#.# #.##.# #.....#####....### #.#
#.##.# ##.#######..>...## #.#
#.##.# #................
#.########### ..#######.>....##
.....##.....## ##.# ##....###
#.##.#.......# #.# ##.#.# #
#.##.#.......# #.# #.#.# #


You could see Grinder and a bat.

Vanquished Creatures
  A gnoll (D:1)
  4 adders (D:3)
  2 river rats (D:3)
  3 dart slugs
  4 ribbon worms
  2 orcs (D:3)
  8 bats
  5 endoplasms
  2 giant cockroaches
  3 goblins (D:1)
  6 hobgoblins
  5 jackals
  4 kobolds (D:1)
  4 quokkas
  6 ball pythons
  2 frilled lizards (D:1)
  7 rats
68 creatures vanquished.

Notes
Turn   | Place    | Note
-------+----------+-------------------------------------------
     0 | D:1      | PaiMei the Gargoyle Earth Elementalist began the quest for
                  | the Orb.
     0 | D:1      | Reached XP level 1. HP: 10/10 MP: 3/3
    62 | D:1      | Reached XP level 2. HP: 6/15 MP: 0/5
   396 | D:1      | Reached XP level 3. HP: 14/19 MP: 0/6
   486 | D:1      | Found a faded altar of an unknown god.
   690 | D:1      | Reached skill level 4 in Earth Magic
  1753 | D:2      | Reached XP level 4. HP: 24/24 MP: 7/7
  2020 | D:3      | Found a glowing silver altar of Zin.
  2495 | D:3      | Noticed Grinder
  2665 | D:3      | Reached skill level 1 in Fighting
  2669 | D:3      | HP: 1/25 [ribbon worm (4)]
  2685 | D:3      | Reached XP level 5. HP: 6/29 MP: 1/9
  2899 | D:3      | Paralysed by Grinder for 5 turns
  2903 | D:3      | Slain by Grinder

Illustrated notes

Levels and vault maps discovered:
D:1:      erik_arrival_cave_to_civilisation [erik_arrival_cave_to_hall],
          layout_basic, hellmonk_ecumenical_altar_lost_god
D:2:      layout_loops_corners
D:3:      layout_loops_ring, general_overflow_altar, lightli_sewer_entry_pipes,
          kennysheep_flooded_box, uniq_grinder

Skill      XL: |  1  2  3  4 |
---------------+-------------+-----
Earth Magic    | 4 |  4.5
Dodging        | 2 |  2.4
Fighting       | 1 |  1.6
Stealth        | |  2.8
Spellcasting   | |  2.8
Conjurations   | |  1.9

Action                     |  1- 3 |  4- 6 || total
---------------------------+-------+-------++-------
  Melee: Unarmed           |    13 |       ||    13
         Dagger            |    92 |       ||    92
         Punch             |     1 |       ||     1
         Short sword       |    25 |    51 ||    76
         Hand axe          |       |    38 ||    38
   Cast: Sandblast         |    15 |    19 ||    34
   Stab: Sleeping          |     6 |     2 ||     8
         Distracted        |     1 |       ||     1
 Armour: Robe              |    87 |    83 ||   170
  Dodge: Dodged            |   121 |    77 ||   198
